 Dungeon Crawl Stone Soup version 0.20.1-1-g8b1a95d (webtiles) character file.

2833 Umberto the Thaumaturge (level 9, -2/48 HPs)
             Began as a Deep Elf Fire Elementalist on Sept 14, 2017.
             Was an Initiate of Vehumet.
             Slain by a wolf (6 damage)
             ... led by Grum
             ... on level 7 of the Dungeon.
             The game lasted 01:04:28 (6734 turns).

Umberto the Thaumaturge (DEFE)                      Turns: 6734, Time: 01:04:29

Health: -2/48      AC:  3    Str:  5    XL:     9   Next: 45%
Magic:  20/24      EV: 15    Int: 30    God:    Vehumet [......]
Gold:   325        SH:  5    Dex: 15    Spells: 16/27 levels left

rFire    . . .     SeeInvis .   n - +1 short sword (protect)
rCold    . . .     Gourm    .   (no shield)
rNeg     . . .     Faith    .   m - +0 robe
rPois    .         Spirit   .   (no helmet)
rElec    .         Reflect  +   (no cloak)
rCorr    .         Harm     .   f - +0 pair of gloves
MR       +....                  (no boots)
Stlth    +++.......             j - +5 amulet of reflection
Regen    0.2/turn               g - +6 ring of intelligence
MPRegen  0.2/turn               a - ring of protection from magic

@: no status effects
A: no striking features
a: Renounce Religion


You were on level 7 of the Dungeon.
You worshipped Vehumet.
Vehumet was noncommittal.
You were hungry.

You visited 2 branches of the dungeon, and saw 9 of its levels.

You collected 325 gold pieces.

Inventory:

Hand Weapons
 n - a +1 short sword of protection (weapon)
Armour
 f - a +0 pair of gloves (worn)
 m - a +0 robe (worn)
Jewellery
 a - a ring of protection from magic (right hand)
 g - a +6 ring of intelligence (left hand)
 j - a +5 amulet of reflection (around neck)
Wands
 k - a wand of disintegration (19/24)
 C - a wand of iceblast (6/15)
Scrolls
 c - 2 scrolls of immolation {unknown}
 d - a scroll of amnesia {unknown}
 e - a scroll of recharging {unknown}
 h - 2 scrolls of fear {unknown}
 l - 3 scrolls of remove curse
 p - a scroll of magic mapping {unknown}
 q - 4 scrolls of enchant armour {unknown}
 r - a scroll of identify
 s - 2 scrolls of teleportation
 u - a scroll of blinking {unknown}
 y - a scroll of summoning {unknown}
 z - 2 scrolls of enchant weapon {unknown}
Potions
 i - 2 potions of lignification
 t - 2 potions of agility {unknown}
 v - a potion of might
 x - a potion of degeneration {unknown}
 A - 2 potions of berserk rage {unknown}
 B - 2 potions of flight {unknown}
Books
 b - a book of Flames

   Spells                             Type                      Level
   a - Flame Tongue                   Conjuration/Fire             1
   b - Throw Flame                    Conjuration/Fire             2
   c - Conjure Flame                  Conjuration/Fire             3
   d - Inner Flame                    Hexes/Fire                   3
   e - Sticky Flame                   Conjuration/Fire             4
   f - Fireball                       Conjuration/Fire             5
Comestibles
 o - 4 royal jellies
 w - 2 bread rations
 D - 2 meat rations
 E - 3 fruits


   Skills:
 + Level 2.1 Fighting
 + Level 1.1 Short Blades
   Level 0.4 Axes
 + Level 4.7 Dodging
 + Level 5.0 Stealth
 + Level 9.9 Spellcasting
 + Level 6.8 Conjurations
 + Level 8.0 Fire Magic


You had 16 spell levels left.
You knew the following spells:

 Your Spells              Type           Power        Failure   Level  Hunger
a - Flame Tongue          Conj/Fire      #####        1%          1    None
b - Throw Flame           Conj/Fire      ######       1%          2    None
c - Conjure Flame         Conj/Fire      ######..     1%          3    None
d - Fireball              Conj/Fire      ######....   4%          5    ###....


Dungeon Overview and Level Annotations

Branches:
Dungeon (8/15)             Temple (1/1) D:7
   Lair: D:8-11

Altars:
Ashenzari
Cheibriados
Dithmenos
Elyvilon
Hepliaklqana
Nemelex Xobeh
Qazlal
Ru
Sif Muna
Trog
Uskayaw
Vehumet
Xom
Zin
The Shining One

Shops:
D:7 }

Annotations:
D:8 Grum


Message History

The crimson imp disappears for a moment.
The crimson imp closely misses you.
Okay, then.
Casting: Flame Tongue
Confirm with . or Enter, or press ? or * to list all spells.
Aiming: Flame Tongue
Press: ? - help, Shift-Dir - straight line, f/p - wolf
Aim: a wolf (moderately wounded)
The flame tongue hits the wolf.
The wolf is moderately wounded.
The wolf completely misses you. x2; The crimson imp closely misses you.
Casting: Flame Tongue
Confirm with . or Enter, or press ? or * to list all spells.
Aiming: Flame Tongue
Press: ? - help, Shift-Dir - straight line, f/p - wolf
Aim: a wolf (moderately wounded)
The flame tongue hits the wolf.
The wolf is heavily wounded.
The wolf barely misses you. The wolf bites you.
You die...

#....##.....##......#
#....'...............
#....###..#.....#..#.
#....# #.....#..#..#.
#....# #.##.....#....
####'###.##..........
#..................#
#.............####..
#..@h...............
#...5.........######
#.............##....
#.............##....
#...................
#######.......#.....
#######.......#.....
#............#......
#....(.######.......


You could see a wolf and a crimson imp.

Vanquished Creatures
  Pikel (D:6)
  Grinder (D:3)
  The ghost of Biabri the Chiller, an amateur MfIE of Elyvilon (D:4)
  A hippogriff (D:6)
  A hungry ghost (D:7)
  An orc warrior (D:7)
  3 slaves (D:6)
  2 black bears (D:6)
  An ogre (D:4)
  2 big kobolds (D:7)
  2 bullfrogs
  4 scorpions
  2 howler monkeys (D:7)
  A jelly (D:7)
  A bullfrog skeleton (D:7)
  5 orc priests
  4 hounds
  A centaur skeleton (D:4)
  2 iguanas (D:5)
  6 orc wizards
  5 worker ants
  7 adders
  An adder skeleton (D:6)
  3 worms
  4 dart slugs
  A leopard gecko (D:3)
  24 orcs
  A ball python (D:5)
  8 giant cockroaches
  11 goblins
  7 hobgoblins
  9 jackals
  2 quokkas
  4 bats
  3 frilled lizards
  A giant cockroach zombie (D:3)
  17 kobolds
  A leopard gecko skeleton (D:6)
  A leopard gecko zombie (D:7)
  5 rats
157 creatures vanquished.

Vanquished Creatures (others)
  A slave (D:6)
  An orc (D:4)
  A ball python (D:4)
  A giant cockroach (D:4)
4 creatures vanquished.

Grand Total: 161 creatures vanquished

Notes
Turn   | Place    | Note
-------+----------+-------------------------------------------
     0 | D:1      | Umberto the Deep Elf Fire Elementalist began the quest for the Orb.
     0 | D:1      | Reached XP level 1. HP: 10/10 MP: 6/6
   615 | D:1      | Reached XP level 2. HP: 15/15 MP: 5/8
  1072 | D:2      | Learned a level 2 spell: Throw Flame
  1203 | D:2      | Reached XP level 3. HP: 17/19 MP: 7/10
  1779 | D:2      | Reached skill level 4 in Spellcasting
  1804 | D:2      | You fall through a shaft!
  1934 | D:3      | Reached XP level 4. HP: 24/24 MP: 7/12
  2551 | D:3      | Reached skill level 5 in Spellcasting
  2551 | D:3      | Reached XP level 5. HP: 17/28 MP: 8/14
  2574 | D:3      | Learned a level 3 spell: Conjure Flame
  2727 | D:3      | Noticed Grinder
  2744 | D:3      | Killed Grinder
  2744 | D:3      | Reached skill level 5 in Fire Magic
  2744 | D:3      | Reached XP level 6. HP: 33/33 MP: 8/16
  2930 | D:3      | Reached skill level 1 in Fighting
  2930 | D:3      | Reached skill level 6 in Spellcasting
  3350 | D:4      | Reached XP level 7. HP: 22/38 MP: 11/18
  3433 | D:4      | Noticed Biabri's ghost (amateur MfIE)
  3652 | D:4      | Found a shimmering altar of Xom.
  3870 | D:4      | Killed Biabri's ghost
  3870 | D:4      | Reached skill level 7 in Spellcasting
  4080 | D:5      | Entered Level 5 of the Dungeon
  4178 | D:5      | Reached XP level 8. HP: 43/43 MP: 11/20
  4209 | D:5      | Learned a level 5 spell: Fireball
  4217 | D:5      | Found a sparkling altar of Nemelex Xobeh.
  4668 | D:6      | Found a bloodstained altar of Trog.
  4718 | D:6      | Reached skill level 8 in Spellcasting
  4718 | D:6      | Reached skill level 5 in Conjurations
  4752 | D:6      | Noticed Pikel
  4871 | D:6      | Killed Pikel
  4871 | D:6      | Reached skill level 5 in Stealth
  5221 | D:7      | Found Buiny's Gadget Boutique.
  5232 | D:7      | Found a sacrificial altar of Ru.
  5248 | D:7      | Noticed a hippogriff
  5346 | D:6      | Killed a hippogriff
  5346 | D:6      | Reached skill level 9 in Spellcasting
  5346 | D:6      | Reached XP level 9. HP: 35/48 MP: 12/24
  5976 | D:8      | Noticed a two-headed ogre
  6327 | D:7      | Reached skill level 1 in Short Blades
  6370 | D:7      | Found a staircase to the Ecumenical Temple.
  6377 | Temple   | Entered the Ecumenical Temple
  6525 | Temple   | Became a worshipper of Vehumet
  6727 | D:8      | Noticed Grum
  6734 | D:7      | Slain by a wolf

Skill      XL: |  1  2  3  4  5  6  7  8  9 |
---------------+----------------------------+-----
Conjurations   | 2 3 4 5 6 |  6.8
Fire Magic     | 4 5 6 7 8 |  8.0
Spellcasting   | 4 5 6 7 9 |  9.9
Stealth        | 3 4 5 |  5.0
Dodging        | 3 4 |  4.7
Fighting       | 1 2 |  2.1
Short Blades   | 1 |  1.1
Axes           | |  0.4

Action                   |  1- 3 |  4- 6 |  7- 9 || total
-------------------------+-------+-------+-------++-------
Melee: Unarmed           |    13 |       |       ||    13
       Dagger            |     9 |     4 |       ||    13
       Falchion          |       |     9 |       ||     9
       Rapier            |       |       |     2 ||     2
       Broad axe         |       |       |     9 ||     9
       Short sword       |       |       |    90 ||    90
 Cast: Flame Tongue      |    58 |    61 |   189 ||   308
       Throw Flame       |     5 |    20 |    26 ||    51
       Conjure Flame     |       |       |     5 ||     5
       Fireball          |       |       |    14 ||    14
  Use: Scroll            |     4 |     5 |     5 ||    14
       Potion            |       |       |     2 ||     2
 Stab: Sleeping          |     2 |     3 |     2 ||     7
       Distracted        |     1 |       |       ||     1
  Eat: Royal jelly       |     1 |       |       ||     1
       Fruit             |       |     3 |       ||     3
       Bread ration      |       |     1 |     1 ||     2
       Meat ration       |       |       |     2 ||     2
Armor: Robe              |    11 |     4 |    33 ||    48
Dodge: Dodged            |    36 |    19 |   134 ||   189
Block: Other             |       |       |    47 ||    47
       Reflection        |       |       |     3 ||     3
